 Dungeon Crawl Stone Soup version 0.29-a0-872-g797fff5ad1 (webtiles) character file.

Game seed: 1253106684024062907

49 27snakeeyes612 the Magician (level 3, -2/19 HPs)
             Began as a Deep Elf Air Elementalist on July 18, 2022.
             Slain by a worm (11 damage)
             ... on level 2 of the Dungeon.
             The game lasted 00:02:12 (1839 turns).

27snakeeyes612 the Magician (DEAE)                  Turns: 1839, Time: 00:02:13

Health: -2/19      AC:  2    Str:  5    XL:     3   Next: 51%
Magic:  1/10       EV: 13    Int: 21    God:
Gold:   131        SH:  0    Dex: 15    Spells: 8/9 levels left

rFire   . . .      SeeInvis .   g - +0 whip
rCold   . . .      Faith    .   (no shield)
rNeg    . . .      Spirit   .   a - +0 robe
rPois   .          Reflect  .   (no helmet)
rElec   .          Harm     .   (no cloak)
rCorr   .          Rampage  .   (no gloves)
Will    .....                   (no boots)
Stlth   ++........              (no amulet)
HPRegen 0.06/turn               (no ring)
MPRegen 0.12/turn               (no ring)

@: no status effects
A: no striking features
a: no special abilities


You were on level 2 of the Dungeon.
You visited 1 branch of the dungeon, and saw 2 of its levels.

You collected 131 gold pieces.

Inventory:

Hand Weapons
 g - a +0 whip (weapon)
Armour
 a - a +0 robe (worn)
Jewellery
 k - a ring of protection from cold
Scrolls
 d - a scroll of immolation {unknown}
 e - a scroll of amnesia {unknown}
 j - a scroll of vulnerability {unknown}
Potions
 b - 2 potions of magic
 c - a potion of mutation {unknown}
 f - a potion of brilliance {unknown}
 h - a potion of lignification {unknown}
 i - 2 potions of curing {unknown}


   Skills:
 + Level 3.1 Dodging
 + Level 3.1 Stealth
 + Level 3.5 Spellcasting
 + Level 1.8 Conjurations
 + Level 3.3 Air Magic


You had 8 spell levels left.
You knew the following spells:

 Your Spells              Type           Power      Damage    Failure   Level
a - Shock                 Conj/Air       56%        1d6       4%          1

Your spell library contained the following spells:

 Spells                   Type           Power      Damage    Failure   Level
 Static Discharge         Conj/Air       14%        3-5/arc   6%          2
 Poisonous Vapours        Pois/Air       20%        N/A       10%         2
 Swiftness                Air            17%        N/A       10%         3
 Sting                    Tmut/Pois      12%        1d3       13%         1
 Summon Small Mammal      Summ           12%        N/A       13%         1
 Airstrike                Air            8%         0-4+      30%         4
 Call Canine Familiar     Summ           3%         N/A       36%         3
 Summon Guardian Golem    Hex/Summ       3%         N/A       36%         3
 Olgreb's Toxic Radiance  Pois           3%         N/A       77%         4


Dungeon Overview and Level Annotations

Branches:
Dungeon (2/15)

Altars:

Annotations:
D:2 1 runed translucent door, Crazy Yiuf


Message History

Aiming: Shock (safe; 4% risk of failure)
Press: ? - help, Q - select action Shift-Dir - straight line The zap hits the worm.
The worm is heavily wounded.
The worm bites you.
Aiming: Shock (safe; 4% risk of failure)
Press: ? - help, Q - select action Shift-Dir - straight line The zap misses the worm.
Aiming: Shock (safe; 4% risk of failure)
Press: ? - help, Q - select action Shift-Dir - straight line The zap hits the worm.
The worm is heavily wounded.
The worm barely misses you.
Aiming: Shock (safe; 4% risk of failure)
Press: ? - help, Q - select action Shift-Dir - straight line The zap misses the worm.
The worm barely misses you.
Aiming: Shock (safe; 4% risk of failure)
Press: ? - help, Q - select action Shift-Dir - straight line That beam is likely to hit you.
Continue anyway?
The zap hits you.
The zap hits the worm.
The worm is moderately wounded.
The zap hits the worm.
The worm is heavily wounded.
Unknown command.
Aiming: Shock (safe; 4% risk of failure)
Press: ? - help, Q - select action Shift-Dir - straight line That beam is likely to hit you.
Continue anyway?
The zap misses you.
The zap hits the worm.
The worm is heavily wounded.
The zap hits the worm.
The worm is heavily wounded.
Aiming: Shock (safe; 4% risk of failure)
Press: ? - help, Q - select action Shift-Dir - straight line That beam is likely to hit you.
Continue anyway?
The zap misses you.
The zap hits the worm.
The worm is severely wounded.
The worm bites you!
Ouch! That really hurt!
You die...

#K.....####.#......#
#B..........##.##.##
<......##...#......#
.##.#########.####.#
..#<## #......# .....S.#
. #.#..# ##.##.##
......# . #.##.#
#......# ....r##. #.##.#
###..### ....#.. #..#.#
####...@..# w.....
##.#.# #..##.##w## .....
#.#.# #........# ###....
#..<# #.......##
######.....[ ##..##
#........####...........
#...#
#.........w†.†####..##..
##.<###########..#####
#..# .. #......# ##..##
##..# .
#.####.######....###
#...# #


You could see a worm.

Vanquished Creatures
  10 ball pythons
  3 endoplasms (D:1)
  A giant cockroach (D:2)
  6 hobgoblins
  3 quokkas (D:1)
  4 bats (D:1)
  2 frilled lizards (D:1)
  3 goblins (D:1)
  6 kobolds (D:1)
  2 rats
40 creatures vanquished.

Vanquished Creatures (collateral kills)
  A worm (D:2)
1 creature vanquished.

Vanquished Creatures (others)
  3 toadstools (D:1)
3 creatures vanquished.

Grand Total: 44 creatures vanquished

Notes
Turn   | Place    | Note
-------+----------+-------------------------------------------
     0 | D:1      | 27snakeeyes612 the Deep Elf Air Elementalist began the
                  | quest for the Orb.
     0 | D:1      | Reached XP level 1. HP: 10/10 MP: 6/6
   280 | D:1      | Reached XP level 2. HP: 15/15 MP: 4/8
   848 | D:1      | Reached XP level 3. HP: 19/19 MP: 3/9
  1576 | D:2      | Found a runed translucent door.
  1577 | D:2      | Noticed Crazy Yiuf
  1839 | D:2      | Slain by a worm

Illustrated notes

Levels and vault maps discovered:
D:1:      dpeg_arrival_boxorama, layout_loops_ring, minmay_gold_behind_fungi
D:2:      layout_rooms, ebering_ecumenical_altar_ruins, chequers_avenue,
          minmay_misc_feat_alley, uniq_crazy_yiuf_cottage

Skill      XL: |  1  2  3 |
---------------+----------+-----
Stealth        | 3 |  3.1
Dodging        | 3 |  3.1
Spellcasting   | |  3.5
Conjurations   | |  1.8
Air Magic      | |  3.3

Action                   || total
-------------------------++-------
Melee: Unarmed           ||     1
 Cast: Shock             ||    90
  Use: Scroll            ||     1
Armor: Robe              ||     6
Dodge: Dodged            ||    17

Table legend: (Time is in decaauts)
 A = Elapsed time spent in this place.
 B = Non-inter-level travel time spent in this place.
 C = Inter-level travel time spent in this place.
 D = Time resting spent in this place.
 E = Time spent auto-exploring this place.
 F = Levels seen in this place.
 G = Mean time per level.
                   A        B        C        D        E       F      G
               +--------+--------+--------+--------+--------+-----+--------+
         Total |   1838 |   1781 |     57 |      0 |   1573 |   2 |  919.0 |
       Dungeon |   1838 |   1781 |     57 |      0 |   1573 |   2 |  919.0 |
               +--------+--------+--------+--------+--------+-----+--------+

Top non-repeatable levels by time:
     D:1: 1444 daAuts
     D:2: 393 daAuts
